 Dungeon Crawl Stone Soup version 0.26-a0-670-g578ab304f5 (webtiles) character file.

Game seed: 7841330246115866874

359 Forecaster the Sneak (level 6, -5/51 HPs)
             Began as a Naga Hedge Wizard on Oct 14, 2020.
             Slain by an iguana (15 damage)
             ... on level 4 of the Dungeon on Oct 19, 2020.
             The game lasted 00:24:59 (5676 turns).

Forecaster the Sneak (Naga Hedge Wizard)            Turns: 5676, Time: 00:24:59

Health: -5/51      AC:  4    Str: 14    XL:     6   Next: 65%
Magic:  1/12       EV: 10    Int: 14    God:
Gold:   306        SH:  0    Dex:  9    Spells: 6/13 levels left

rFire    + . .     SeeInvis +   f - +1 dagger
rCold    . . .     Faith    .   (no shield)
rNeg     + . .     Spirit   .   b - +0 robe
rPois    +         Reflect  .   j - +1 hat
rElec    .         Harm     .   (no cloak)
rCorr    .         Rampage  .   (no gloves)
MR       .....                  (no barding)
Stlth    +++.......             (no amulet)
HPRegen  0.17/turn              e - ring of flight
MPRegen  0.13/turn              z - ring of positive energy

@: very slightly contaminated, very slow
A: large, see invisible, clumsy 1, deformed body, fire resistance 1, poison
resistance, slowness 2, spit poison 1, subdued magic 1, AC +2
a: Spit Poison, Evoke Flight


You were on level 4 of the Dungeon.
You visited 1 branch of the dungeon, and saw 4 of its levels.

You collected 306 gold pieces.

Inventory:

Hand Weapons
 a - a +0 dagger (quivered)
 d - a +0 dagger
 f - a +1 dagger (weapon)
 n - a +0 short sword
 r - a -1 dagger
Missiles
 h - 11 poisoned darts
 l - 37 bolts
Armour
 b - a +0 robe (worn)
 c - a +0 hat
 j - a +1 hat (worn)
 k - a cursed -2 robe
 o - a +0 ring mail
 v - a +0 robe
 x - a +0 leather armour
 A - a +1 scale mail of fire resistance
Jewellery
 e - a ring of flight (left hand)
 z - a ring of positive energy (right hand)
Scrolls
 i - a scroll of identify
 m - 2 scrolls of amnesia
 s - a scroll of remove curse
 t - a scroll of teleportation
 w - 2 scrolls of fear
 y - a scroll of fog
Potions
 g - a potion of brilliance
 p - a potion of haste
 q - 2 potions of ambrosia


   Skills:
 + Level 1.4 Fighting
 + Level 2.2 Short Blades
 + Level 2.2 Dodging
 + Level 5.2 Stealth
 + Level 4.4 Spellcasting
 + Level 2.1 Conjurations
 + Level 1.9 Summonings
 + Level 1.0 Translocations


You had 6 spell levels left.
You knew the following spells:

 Your Spells              Type           Power        Failure   Level
a - Magic Dart            Conj           #...         6%          1
b - Call Imp              Summ           #.......     10%         2
c - Blink                 Tloc           N/A          16%         2
d - Slow                  Hex            #.......     24%         2

Your spell library contained the following spells:

 Spells                   Type           Power        Failure   Level
 Conjure Flame            Conj/Fire      #.......     30%         3
 Mephitic Cloud           Conj/Pois/Air  #.......     34%         3


Dungeon Overview and Level Annotations

Branches:
Dungeon (4/15)
 Temple: D:4-7

Altars:
Okawaru
Ru

Annotations:
D:3 2 runed translucent doors, P0WERM0DE's ghost, amateur TeIE


Innate Abilities, Weirdness & Mutations

You cannot wear boots.
Your serpentine skin is tough. (AC +2)
You have supernaturally acute eyesight. (SInv)
Armour fits poorly on your strangely shaped body.
Your system is resistant to poisons. (rPois)
You cover ground very slowly.
You can spit poison.
You are clumsy. (Dex -2)
Your flesh is heat resistant. (rF+)
Your spells are a little easier to cast, but a little less powerful.


Message History

* * * LOW HITPOINT WARNING * * *
Casting: Call Imp (safe; 10% risk of failure)
Confirm with . or Enter, or press ? or * to list all spells.
You blink.
Your crimson imp disappears in a puff of smoke!
Your crimson imp hits the iguana but does no damage.
Okay, then.
Casting: Blink (safe; 16% risk of failure)
Confirm with . or Enter, or press ? or * to list all spells.
A shadowy apparition takes form in the air.
Your crimson imp disappears in a puff of smoke!
You swap places.
The iguana closely misses you.
Your shadow imp barely misses the iguana.
You hit the iguana.
The iguana is heavily wounded.
The iguana barely misses you.
Your shadow imp hits the iguana.
You completely miss the iguana.
The iguana is heavily wounded.
The iguana bites you!
You die...

#....#....#.....#....#....#
#....#....'.....#....'....#
#....'....#.....#..<.#.>..#
#....#....#.....+....#....#
#....#....#.....#....#....#
###########...###'####....##
........#...###....#.....#
........#.5........#.....#
........#@l........#.....#
........#..........#.....#
......5ยง#..........#.....#
.......5'..........#.....'
........#...####+###.....#
############# ####... #...
#... #...


You could see an iguana and a friendly shadow imp (summoned).

Vanquished Creatures
  2 orc priests (D:4)
  A gnoll (D:2)
  8 adders
  An ooze (D:1)
  A worm (D:3)
  A dart slug (D:1)
  2 leopard geckos
  2 orcs (D:4)
  3 ball pythons
  3 giant cockroaches
  3 goblins
  10 hobgoblins
  7 jackals
  6 kobolds
  6 bats
  8 frilled lizards
  11 rats
75 creatures vanquished.

Vanquished Creatures (collateral kills)
  A sky beast (D:4)
  An ogre (D:4)
  A worker ant (D:4)
  A worm (D:2)
  2 orcs (D:4)
  A jackal (D:4)
7 creatures vanquished.

Grand Total: 82 creatures vanquished

Notes
Turn   | Place    | Note
-------+----------+-------------------------------------------
     0 | D:1      | Forecaster the Naga Hedge Wizard began the quest for the
                  | Orb.
     0 | D:1      | Reached XP level 1. HP: 15/15 MP: 4/4
   256 | D:1      | Reached XP level 2. HP: 10/22 MP: 0/6
  1233 | D:1      | Reached XP level 3. HP: 16/28 MP: 5/8
  1477 | D:1      | Upgraded the game from 0.26-a0-665-gefeb406119 to
                  | 0.26-a0-670-g578ab304f5
  1905 | D:1      | Gained mutation: Your spells are a little easier to cast,
                  | but a little less powerful. [potion of mutation]
  1905 | D:1      | Gained mutation: You are clumsy. (Dex -2) [potion of
                  | mutation]
  1905 | D:1      | Gained mutation: Your flesh is heat resistant. (rF+)
                  | [potion of mutation]
  2302 | D:2      | Found a sacrificial altar of Ru.
  2386 | D:2      | Reached XP level 4. HP: 17/36 MP: 7/9
  2809 | D:2      | Reached skill level 1 in Short Blades
  2829 | D:2      | Reached skill level 4 in Stealth
  3119 | D:2      | Learned a level 2 spell: Call Imp
  3122 | D:2      | Learned a level 2 spell: Blink
  3125 | D:2      | Learned a level 2 spell: Slow
  3559 | D:3      | Found an iron altar of Okawaru.
  3600 | D:3      | Reached XP level 5. HP: 18/43 MP: 11/11
  4286 | D:3      | Reached skill level 1 in Fighting
  4704 | D:3      | Found a faded altar of an unknown god.
  4768 | D:3      | Found a large runed translucent door.
  4768 | D:3      | Found a large runed translucent door.
  4769 | D:3      | Noticed P0WERM0DE's ghost (amateur TeIE)
  4989 | D:4      | Noticed an ogre
  5003 | D:4      | Killed an ogre
  5288 | D:4      | Noticed a sky beast
  5297 | D:4      | Reached XP level 6. HP: 34/51 MP: 5/12
  5306 | D:4      | Killed a sky beast
  5306 | D:4      | Reached skill level 5 in Stealth
  5676 | D:4      | Slain by an iguana

Illustrated notes

Levels and vault maps discovered:
D:1:      lightli_arrival_isolated_outpost, layout_basic
D:2:      layout_basic, lemuel_crystal_altar, minmay_randomly_rotated_circles
D:3:      layout_basic, lemuel_doored_altar, chequers_ecumenical_altar_simple,
          ebering_ghost_disaster_area, dk_noncrumbling_3
D:4:      layout_gridville

Skill      XL: |  1  2  3  4  5  6 |
---------------+-------------------+-----
Short Blades   | 1 2 |  2.2
Stealth        | 4 5 |  5.2
Spellcasting   | 4 |  4.4
Fighting       | 1 |  1.4
Dodging        | 2 |  2.2
Conjurations   | 2 |  2.1
Summonings     | |  1.9
Translocations | |  1.0

Action                   |  1- 3 |  4- 6 || total
-------------------------+-------+-------++-------
Melee: Dagger            |    88 |   166 ||   254
 Cast: Magic Dart        |    39 |    69 ||   108
       Call Imp          |       |    16 ||    16
       Blink             |       |     1 ||     1
  Use: Scroll            |     2 |    11 ||    13
       Potion            |     2 |     1 ||     3
 Stab: Sleeping          |     8 |     7 ||    15
       Distracted        |       |     2 ||     2
Armor: Robe              |    15 |    47 ||    62
Dodge: Dodged            |    42 |    92 ||   134

Table legend: (Time is in decaauts)
 A = Elapsed time spent in this place.
 B = Non-inter-level travel time spent in this place.
 C = Inter-level travel time spent in this place.
 D = Time resting spent in this place.
 E = Time spent auto-exploring this place.
 F = Levels seen in this place.
 G = Mean time per level.
                   A        B        C        D        E       F      G
               +--------+--------+--------+--------+--------+-----+--------+
         Total |   6764 |   6456 |    308 |   1373 |   3138 |   4 | 1691.0 |
       Dungeon |   6764 |   6456 |    308 |   1373 |   3138 |   4 | 1691.0 |
               +--------+--------+--------+--------+--------+-----+--------+

Top non-repeatable levels by time:
     D:1: 2670 daAuts
     D:3: 1687 daAuts
     D:2: 1585 daAuts
     D:4: 821 daAuts
